 Dungeon Crawl Stone Soup version 0.29.1-15-g9cfb28693d (webtiles) character file.

Game seed: 13498971997494826379

54077 MacCMillion the Warrior (level 14, -6/141 HPs)
             Began as a Hill Orc Fighter on Mar 1, 2023.
             Was the Champion of Beogh.
             Mangled by an orc warlord
             ... wielding a +0 battleaxe
              (51 damage)
             ... on level 2 of the Orcish Mines on Mar 9, 2023.
             The game lasted 01:12:25 (38814 turns).

MacCMillion the Warrior (Hill Orc Fighter)         Turns: 38814, Time: 01:12:25

Health: -6/141     AC: 20    Str: 24    XL:     14   Next: 71%
Magic:  19/19      EV:  8    Int:  8    God:    Beogh [******]
Gold:   2054       SH:  4    Dex: 10    Spells: 13/13 levels left

rFire   . . .      SeeInvis .   a - +1 war axe
rCold   + . .      Faith    .   c - +0 buckler
rNeg    . . .      Spirit   .   B - +0 plate armour
rPois   .          Reflect  .   M - +2 hat
rElec   .          Harm     .   (no cloak)
rCorr   +          Rampage  .   (no gloves)
Will    +....                   D - +0 pair of boots
Stlth   ..........              X - amulet of regeneration
HPRegen 1.13/turn               h - ring of resist corrosion
MPRegen 0.16/turn               I - ring of protection from cold

@: no status effects
A: walk on water, low MP 1
a: Renounce Religion, Smiting, Recall Orcish Followers, Give Item to Named
Follower, Resurrection


You were on level 2 of the Orcish Mines.
You worshipped Beogh.
Beogh was exalted by your worship.
You visited 3 branches of the dungeon, and saw 21 of its levels.

You collected 2149 gold pieces.
You spent 95 gold pieces at shops.

Inventory:

Hand Weapons
 a - a +1 war axe (weapon)
 y - a +0 demon trident
 R - a +0 demon trident of venom
 Y - a +1 demon whip of venom
Missiles
 l - 6 curare-tipped darts
 x - 3 javelins
 z - 53 poisoned darts (quivered)
 T - 2 atropa-tipped darts
Armour
 c - a +0 buckler (worn)
 B - a +0 plate armour (worn)
 D - a +0 pair of boots (worn)
 M - a +2 hat (worn)
Jewellery
 h - a ring of resist corrosion (left hand)
 u - a ring of protection from fire
 H - a +4 ring of protection
 I - a ring of protection from cold (right hand)
 K - a ring of see invisible
 S - a ring of positive energy
 X - an amulet of regeneration (around neck)
Wands
 o - a wand of mindburst (19)
 r - a wand of charming (7)
 s - a wand of light (25)
 F - a wand of polymorph (2)
 J - a wand of digging (9)
 U - a wand of flame (17)
 Z - a wand of iceblast (24)
Scrolls
 e - 2 scrolls of immolation {unknown}
 f - 8 scrolls of fog
 g - 3 scrolls of summoning
 k - 2 scrolls of poison
 m - 16 scrolls of teleportation
 n - 6 scrolls of enchant weapon
 p - 3 scrolls of blinking
 t - 7 scrolls of enchant armour {unknown}
 w - 2 scrolls of fear
 L - 3 scrolls of vulnerability {unknown}
 P - 2 scrolls of brand weapon {unknown}
 V - 2 scrolls of noise
Potions
 b - a potion of lignification
 d - 4 potions of might
 i - 5 potions of attraction
 j - 3 potions of flight
 q - a potion of experience
 v - 3 potions of cancellation
 A - 3 potions of resistance
 C - 5 potions of mutation
 E - 2 potions of brilliance
 G - 5 potions of heal wounds
 N - a potion of ambrosia
 O - a potion of haste
 Q - 3 potions of magic {unknown}
 W - 6 potions of curing


   Skills:
 + Level 17.8 Fighting
 - Level 16.0 Axes
 + Level 15.9 Armour
 + Level 2.8 Dodging
 - Level 4.0 Shields
 - Level 10.0 Invocations


You had 13 spell levels left.
You didn't know any spells.
Your spell library contained the following spells:

 Spells                   Type           Power      Damage    Failure   Level
 Apportation              Tloc           0%         N/A       99%         1
 Foxfire                  Conj/Fire      0%         2x1d4     99%         1
 Necrotise                Necr           0%         1d4       99%         1
 Sandblast                Erth           0%         2d4       99%         1
 Sting                    Tmut/Pois      0%         1d3       99%         1
 Summon Small Mammal      Summ           0%         N/A       99%         1
 Blink                    Tloc           0%         N/A       99%         2
 Ensorcelled Hibernation  Hex/Ice        0%         N/A       99%         2
 Passwall                 Tmut/Erth      0%         N/A       99%         2
 Poisonous Vapours        Pois/Air       0%         N/A       99%         2
 Gell's Gravitas          Tloc           0%         N/A       100%        3
 Lesser Beckoning         Tloc           0%         N/A       100%        3
 Spider Form              Tmut/Pois      0%         N/A       100%        3
 Stone Arrow              Conj/Erth      0%         3d7       100%        3
 Teleport Other           Tloc           0%         N/A       100%        3
 Anguish                  Hex/Necr       0%         N/A       100%        4
 Animate Dead             Necr           0%         N/A       100%        4
 Olgreb's Toxic Radiance  Pois           0%         N/A       100%        4
 Borgnjor's Vile Clutch   Necr/Erth      0%         N/A       100%        5
 Fireball                 Conj/Fire      0%         3d3       100%        5
 Iskenderun's Battlesphe  Conj           0%         2d6       100%        5
 Manifold Assault         Tloc           0%         N/A       100%        5
 Conjure Ball Lightning   Conj/Air       0%         3x3d6     100%        6
 Death Channel            Necr           0%         N/A       100%        6
 Starburst                Conj/Fire      0%         6d3       100%        6
 Orb of Destruction       Conj           0%         9d5       100%        7
 Storm Form               Tmut/Air       0%         N/A       100%        7
 Ignition                 Fire           0%         3d3       100%        8


Dungeon Overview and Level Annotations

Branches:
Dungeon (14/15)            Temple (0/1) D:7            Lair (5/5) D:8
  Swamp (0/4) Lair:3        Snake (0/4) Lair:2        Slime (0/5) Lair:4
    Orc (2/2) D:9             Elf (0/3) Orc:2        Vaults (0/5) D:14

Altars:
Ashenzari
Gozag
Makhleb
Sif Muna
Trog
Yredelemnul
The Shining One
Jiyva

Shops:
D:5 **

Portals:
Hell: Lair:5

Annotations:
D:2 Sigmund
D:5 !summoner, yak
D:8 4 transporters


Innate Abilities, Weirdness & Mutations

You can walk on water.
Your magical capacity is low. (-10% MP)


Message History

Your orc hits the orc priest with a +0 short sword.
Your orc closely misses the ice devil.
Your orc sorcerer barely misses the orc knight.
You swap places.
Your orc warrior no longer looks unusually strong.
Your orc no longer looks unusually strong.
Your red devil disappears in a puff of smoke!
Your orc warrior hits the orc warlord with a +0 glaive.
The neqoxec hits your orc warrior.
The orc priest hits your orc warrior with a +0 dagger.
The orc knight hits you but does no damage.
The orc knight hits your orc sorcerer with a +0 battleaxe!
Your orc sorcerer dies!
The orc knight hits your orc warrior with a +0 battleaxe.
Your orc closely misses the orc priest.
Your orc barely misses the ice devil.
The orc sorcerer casts a spell.
Your orc closely misses the orc sorcerer.
Your orc warrior hits the orc warlord from afar with a +0 trident!!
Boghold roars a battlecry!
Your orcs go into a battle-frenzy!
Your orc high priest utters an invocation to Beogh.
Send 'em back where they came from!
The neqoxec disappears in a puff of smoke!
Your orc warrior hits the orc priest with a +0 trident!
Things that are here:
a +0 hand axe; an orc corpse You hit the orc warlord.
The orc warlord is severely wounded.
You barely miss the orc knight.
The orc priest no longer looks unusually strong.
Your orc warrior no longer looks unusually strong.
Your orc warrior hits the orc warlord with a +0 glaive!!
Your orc warrior barely misses the orc warlord.
Herok roars a battlecry!
Your orc warrior goes into a battle-frenzy!
Your orc warrior barely misses the orc warlord.
Your orc hits the ice devil but does no damage.
The orc warlord hits you with a +0 battleaxe!!!
You die...
Beogh appreciates the orc warlord's killing of a heretic priest.

#..........)oooo.o..###
#.....8.8oo.#..o.o..#..
#.....o.ooo##..#......
#...##'oo##.....##....#
. #ooooo###..####.[##
#8§o48# ##.# #).[#
##ooo## #.# ##[##


#ooo# #.# ### +@oo+ # #oo)# # #§8o# # #oo4# # +ooo) #)3.#. #.).### 8.).8 .....
You could see an orc warlord (strong, ally target), an orc knight (strong), a
sun demon (summoned), an ice devil (summoned), an orc sorcerer (strong), 2 orc
priests, the friendly Boghold the orc warlord (strong), the friendly Herok the
orc warlord (strong), a friendly orc high priest (strong), a friendly ice devil
(summoned), 12 friendly orc warriors, a friendly orc wizard (strong) and 7
friendly orcs.

Vanquished Creatures
  An orc warlord (Orc:2)
  A yaktaur captain (D:14)
  Fannar (D:10)
  A tengu warrior (D:12)
  2 two-headed ogres
  3 death yaks
  Amaemon (D:10)
  A bog body (Lair:3)
  A lindwurm (Lair:5)
  An ugly thing (D:13)
  3 cyclopes
  A manticore (D:13)
  Joseph (Lair:1)
  3 elephants
  7 cane toads
  2 orange demons
  A rime drake (Lair:5)
  4 komodo dragons
  3 kobold demonologists
  A freezing wraith (D:14)
  A yaktaur (D:14)
  2 trolls
  A meliai (D:14)
  3 dream sheep (Lair:4)
  A slime creature (D:12)
  4 blink frogs (Lair:5)
  A centaur simulacrum (D:11)
  A shadow (D:12)
  2 wyverns
  20 yaks
  Grum (D:8)
  3 vampire mosquitoes
  A steam dragon (D:7)
  2 wargs (Orc:1)
  3 nagas
  3 acid dragons
  10 water moccasins
  A hell hound (Lair:5)
  6 orc warriors
  2 black bears
  3 ogres
  3 wolves
  9 centaurs
  A phantom (D:7)
  4 kobold brigands
  5 bullfrogs
  3 necrophages
  7 scorpions
  2 gnoll sergeants
  15 killer bees
  4 howler monkeys
  3 gnoll boudas
  A hound (D:7)
  7 orc priests
  Jessica (D:3)
  Natasha (thrice) (D:3)
  4 iguanas
  6 orc wizards
  36 gnolls
  10 adders
  A shadow imp (D:6)
  A white imp (D:7)
  An ufetubus (D:5)
  3 worms
  3 dart slugs
  36 orcs
  5 endoplasms
  3 giant cockroaches
  5 goblins
  8 hobgoblins
  4 jackals (D:1)
  5 quokkas
  3 ball pythons
  2 bats (D:1)
  2 frilled lizards
  24 kobolds
  5 rats
345 creatures vanquished.

Vanquished Creatures (collateral kills)
  Rupert (Lair:3)
  Nessos (D:12)
  Erolcha (D:10)
  5 hydras
  2 boulder beetles (D:13)
  A centaur warrior (D:13)
  5 death yaks (Lair:4)
  2 tengu warriors (D:14)
  A shock serpent (shapeshifter) (D:11)
  A sun demon (Lair:5)
  A wizard (Lair:5)
  2 orc knights
  An orc sorcerer (Orc:2)
  7 ugly things
  9 elephants
  Maurice (Orc:1)
  A black mamba (Lair:5)
  A smoke demon (Lair:5)
  2 gargoyles (D:12)
  5 cane toads
  2 orange demons (Lair:5)
  A kobold demonologist (D:9)
  6 rime drakes
  9 komodo dragons
  A tengu conjurer (D:13)
  A yaktaur (D:14)
  2 red devils (Lair:5)
  5 trolls
  5 polar bears
  A hornet (Lair:1)
  15 blink frogs
  2 slime creatures (D:12)
  5 dream sheep (Lair:4)
  A centaur simulacrum (D:14)
  A wraith (D:9)
  3 basilisks
  26 yaks
  A vampire (D:13)
  A wyvern (D:9)
  A human (Lair:4)
  A steam dragon (D:9)
  12 vampire mosquitoes
  6 wargs
  2 nagas (Lair:2)
  3 hell hounds (Lair:5)
  7 water moccasins
  An acid dragon (D:11)
  4 orc warriors
  5 wolves (Lair:3)
  5 ogres
  A centaur (D:12)
  A kobold brigand (D:9)
  6 bullfrogs
  4 killer bees (D:9)
  7 orc priests
  2 hounds (Lair:3)
  2 orc wizards (Orc:2)
  10 orcs
  5 kobolds (D:9)
223 creatures vanquished.

Vanquished Creatures (others)
  An orc knight (D:12)
  An orc sorcerer (Orc:2)
  5 orc warriors
  7 orc priests
  4 orc wizards
  33 orcs
  41 fungi
  74 plants
166 creatures vanquished.

Grand Total: 734 creatures vanquished

Notes
Turn   | Place    | Note
-------+----------+-------------------------------------------
     0 | D:1      | MacCMillion the Hill Orc Fighter began the quest for the
                  | Orb.
     0 | D:1      | Reached XP level 1. HP: 19/19 MP: 1/1
   154 | D:1      | Reached XP level 2. HP: 21/26 MP: 2/2
   211 | D:1      | Found a faded altar of an unknown god.
   481 | D:1      | Reached XP level 3. HP: 31/31 MP: 3/3
  1366 | D:2      | Reached XP level 4. HP: 40/40 MP: 4/4
  1505 | D:2      | Identified the +5 scimitar of Painted Expedience {vorpal,
                  | rF+ rC- Dex+3}
  1586 | D:2      | Reached skill level 4 in Fighting
  1681 | D:2      | Noticed Sigmund
  2132 | D:2      | Reached XP level 5. HP: 47/47 MP: 5/5
  2184 | D:2      | Reached skill level 5 in Axes
  2581 | D:3      | Found a bloodstained altar of Trog.
  2589 | D:3      | Noticed Jessica
  2596 | D:3      | Killed Jessica
  2735 | D:3      | Found a shimmering blue altar of Sif Muna.
  2739 | D:3      | Got Sif Muna's Almanac of Calefaction
  2800 | D:3      | Noticed Natasha
  2816 | D:3      | Killed Natasha
  2817 | D:3      | Reached skill level 5 in Fighting
  2825 | D:3      | Noticed Natasha
  3062 | D:4      | Noticed a black bear
  3074 | D:3      | Killed Natasha
  3344 | D:3      | Reached XP level 6. HP: 50/56 MP: 6/6
  3769 | D:3      | Noticed Natasha
  3841 | D:3      | Killed Natasha
  4151 | D:4      | Killed a black bear
  4674 | D:4      | Reached skill level 6 in Fighting
  4674 | D:4      | Reached XP level 7. HP: 60/63 MP: 7/7
  5177 | D:4      | Became a worshipper of Beogh the Brigand
  5443 | D:4      | Found a broken altar of Ashenzari.
  5443 | D:4      | Found an opulent altar of Gozag.
  5443 | D:4      | Found a basalt altar of Yredelemnul.
  5483 | D:5      | Entered Level 5 of the Dungeon
  5583 | D:5      | Reached skill level 10 in Axes
  5583 | D:5      | Reached XP level 8. HP: 54/68 MP: 8/8
  5649 | D:5      | Found Zidimez's General Store.
  5661 | D:5      | Bought a scroll of blinking for 75 gold pieces
  5661 | D:5      | Bought a scroll of identify for 20 gold pieces
  6518 | D:5      | Noticed a kobold demonologist
  6518 | D:5      | Noticed a yak
  7098 | D:5      | Found Kasm's General Store.
  7146 | D:6      | Identified the +1 leather armour "Figiakao" {rN+}
  7514 | D:6      | Reached skill level 7 in Fighting
  7514 | D:6      | Reached skill level 5 in Armour
  7529 | D:6      | Reached * piety under Beogh
  7599 | D:6      | Reached XP level 9. HP: 79/79 MP: 9/9
  9154 | D:7      | Reached skill level 8 in Fighting
 10216 | D:7      | Found a staircase to the Ecumenical Temple.
 10343 | D:8      | Identified the +0 ring mail "Onyur" {rElec rF+ rC+ Dex-3}
 10382 | D:8      | Reached ** piety under Beogh
 10880 | D:8      | Reached XP level 10. HP: 90/90 MP: 10/10
 11200 | D:8      | Reached skill level 9 in Fighting
 11321 | D:8      | Noticed Grum
 11331 | D:8      | Killed Grum
 11499 | D:8      | Found a transporter.
 11517 | D:8      | Found a transporter.
 11583 | D:8      | Found a transporter.
 11602 | D:8      | Found a transporter.
 11694 | D:8      | Found a staircase to the Lair.
 11762 | D:8      | Found a glowing golden altar of the Shining One.
 12819 | D:9      | Noticed a kobold demonologist
 12819 | D:9      | Noticed a kobold demonologist
 12820 | D:9      | Noticed a kobold demonologist
 13042 | D:9      | Reached *** piety under Beogh
 13044 | D:9      | Noticed a rust devil
 13056 | D:8      | Noticed an orange demon
 13056 | D:8      | Killed a kobold demonologist
 13066 | D:8      | Killed a kobold demonologist
 13067 | D:8      | Reached skill level 15 in Axes
 13385 | D:5      | Identified the +7 quarterstaff of Hoituw {flame, rC- Str+7}
 13527 | D:5      | Killed a kobold demonologist
 13769 | D:9      | Reached skill level 10 in Fighting
 13903 | D:9      | Found a staircase to the Orcish Mines.
 14101 | D:9      | Killed a kobold demonologist
 14102 | D:9      | Reached XP level 11. HP: 100/100 MP: 11/11
 14204 | D:9      | Identified the +0 ring mail of Makhleb's Delight {Str+3}
                  | (You took it off a kobold on level 9 of the Dungeon)
 14422 | D:10     | Entered Level 10 of the Dungeon
 14448 | D:10     | Noticed Fannar
 14850 | D:10     | Killed Fannar
 15324 | D:10     | Noticed Amaemon
 15619 | D:10     | Noticed Erolcha
 15834 | D:10     | Noticed Sonja
 15835 | D:10     | Noticed Sonja
 15835 | D:10     | Sonja changed into Sonja the naga
 15840 | D:10     | Killed Sonja the naga
 15841 | D:10     | Reached skill level 11 in Fighting
 16616 | D:10     | Killed Erolcha
 16617 | D:10     | Reached skill level 10 in Armour
 16703 | D:10     | Killed Amaemon
 16704 | D:10     | Reached skill level 12 in Fighting
 17307 | D:10     | Reached **** piety under Beogh
 17685 | D:11     | Noticed a two-headed ogre
 17699 | D:11     | Killed a two-headed ogre
 18312 | D:11     | Identified the amulet "Xuryrr" {RegenMP Str+3}
 18517 | D:11     | Noticed a salamander
 18802 | Lair:1   | Entered Level 1 of the Lair of Beasts
 19581 | Lair:1   | Reached XP level 12. HP: 109/113 MP: 12/12
 19591 | Lair:1   | Reached skill level 13 in Fighting
 19732 | Lair:1   | Gained Boghold as an ally
 21085 | Lair:1   | Noticed Joseph
 21101 | Lair:1   | Killed Joseph
 22437 | Lair:2   | Identified the +0 scale mail of Yjunem {Harm rC- Int+4
                  | Slay+2}
 22652 | Lair:2   | Found a staircase to the Snake Pit.
 23386 | Lair:3   | Reached skill level 14 in Fighting
 23642 | Lair:3   | Noticed Rupert
 23656 | Lair:3   | Killed Rupert
 23755 | Lair:3   | Noticed a four-headed hydra
 23766 | Lair:3   | Killed a six-headed hydra
 24636 | Lair:3   | Found a staircase to the Swamp.
 24763 | Lair:3   | Gained Herok as an ally
 24854 | Lair:3   | Reached skill level 15 in Fighting
 25202 | Lair:4   | Noticed an eight-headed hydra
 25208 | Lair:4   | Killed an eight-headed hydra
 25209 | Lair:4   | Reached skill level 1 in Invocations
 25404 | Lair:4   | Noticed a death yak
 25404 | Lair:4   | Noticed a death yak
 25405 | Lair:4   | Noticed a death yak
 25412 | Lair:4   | Killed a death yak
 25413 | Lair:4   | Reached XP level 13. HP: 97/127 MP: 14/14
 25463 | Lair:4   | Reached ***** piety under Beogh
 26520 | Lair:4   | Reached skill level 5 in Invocations
 27706 | Lair:4   | Reached skill level 16 in Fighting
 27758 | Lair:4   | Found a viscous altar of Jiyva.
 27759 | Lair:4   | Found a staircase to the Slime Pits.
 27904 | Lair:5   | Entered Level 5 of the Lair of Beasts
 30770 | Lair:5   | Found a burning altar of Makhleb.
 30781 | Lair:5   | Reached XP level 14. HP: 109/138 MP: 20/20
 30791 | Lair:5   | Reached skill level 15 in Armour
 31254 | Lair:5   | Found a gateway to Hell.
 32698 | D:12     | Noticed Nessos
 32710 | D:12     | Killed Nessos
 33102 | D:12     | Reached skill level 17 in Fighting
 33999 | D:13     | Found the +6 arbalest "Damnation" {damnation}
 34014 | D:13     | Reached skill level 10 in Invocations
 35051 | D:14     | Reached skill level 1 in Dodging
 35269 | D:14     | Found a gate to the Vaults.
 36007 | Orc:1    | Entered Level 1 of the Orcish Mines
 36020 | Orc:1    | Noticed Maurice
 36031 | Orc:1    | Killed Maurice
 36605 | Orc:2    | Entered Level 2 of the Orcish Mines
 38317 | Orc:2    | Noticed an orc warlord
 38319 | Orc:2    | Found a staircase to the Elven Halls.
 38325 | Orc:2    | Reached ****** piety under Beogh
 38329 | Orc:2    | Killed an orc warlord
 38750 | Orc:2    | Found a bloodstained altar of Trog.
 38796 | Orc:2    | Noticed an orc warlord
 38811 | Orc:2    | Gained mutation: Your magical capacity is low. (-10% MP) [a
                  | neqoxec]
 38814 | Orc:2    | Mangled by an orc warlord

Illustrated notes

Levels and vault maps discovered:
D:1:      amcnicky_arrival_feature_with_door, layout_rooms,
          chequers_ecumenical_altar_lobes, serial_forest,
          infiniplex_forest_straight_4, infiniplex_forest_lined_1,
          infiniplex_forest_lined_4_way, infiniplex_forest_clump_double,
          infiniplex_forest_end_2, infiniplex_forest_clump_large,
          infiniplex_forest_fountain
D:2:      layout_basic, uniq_sigmund
D:3:      layout_basic, nzn_overflow_gifts_of_might_and_magic,
          mrwooster_statue_mirror, uniq_natasha
D:4:      layout_basic, gammafunk_temple_overflow_claw
D:5:      layout_rooms, serial_shops, shop, shop, minmay_misc_feat_ornament,
          hangedman_decor_riveting, grunt_decor_cap, minmay_divided_ellipse
D:6:      layout_loops_ring
D:7:      layout_cave_pools, minmay_temple_entry_proselytizer, enter_bailey_2
D:8:      layout_cave_pools, tso_altar, grunt_lair_entry_orc_guard_hut,
          minmay_holes, nicolae_diode_intersection, uniq_grum
D:9:      layout_rooms, erik_orc_4
D:10:     layout_basic, uniq_sonja, uniq_fannar, uniq_amaemon, uniq_erolcha
D:11:     layout_loops_ring, grunt_ministairs_15
D:12:     layout_gridville, uniq_nessos
D:13:     layout_cross
D:14:     layout_irregular_city, david_vaults_2, st_stairs_7, minivault_22
Lair:1:   layout_cave_pods, serial_bayou_pond_e, nicolae_lair_lil_pond,
          uniq_joseph
Lair:2:   layout_layer_cave, guppyfry_snake_entry_garden
Lair:3:   beast_lair_carwin_large_1, layout_regular_city,
          skrybe_swamp_entry_bodies, uniq_rupert
Lair:4:   slaughterhouse, layout_misc_corridors, dpeg_slime_entry_enclosed
Lair:5:   evil_forest, layout_regular_city, serial_forest,
          infiniplex_forest_end_double, infiniplex_forest_straight_2,
          infiniplex_forest_clump_curved, infiniplex_forest_end_2,
          infiniplex_forest_clump_diagonal
Orc:1:    layout_diamond_mine, uniq_maurice
Orc:2:    grunt_orc_community_town_hall, layout_diamond_mine,
          grunt_orc_community_big_house_2, grunt_orc_community_big_house_2,
          grunt_orc_community_house_3, grunt_orc_community_house_2,
          grunt_orc_community_house_2, grunt_orc_community_house_2,
          grunt_orc_community_house_1, grunt_orc_community_house_2, basic_altar

Skill      XL: |  1  2  3  4  5  6  7  8  9 10 11 12 13 14 |
---------------+-------------------------------------------+-----
Axes           | 3 4 6 7 10 11 13 15 16 | 16.0
Shields        | 4 |  4.0
Fighting       | 4 5 6 7 8 10 12 15 16 17 | 17.8
Armour         | 5 6 8 11 13 14 15 | 15.9
Invocations    | 2 8 10 | 10.0
Dodging        | 2 |  2.8

Action                   |  1- 3 |  4- 6 |  7- 9 | 10-12 | 13-15 || total
-------------------------+-------+-------+-------+-------+-------++-------
Melee: War axe           |    75 |   178 |   352 |   614 |   383 ||  1602
       Demon whip        |       |       |       |     4 |    10 ||    14
Throw: Dart              |       |     3 |    22 |       |       ||    25
       Javelin           |       |       |     2 |     2 |       ||     4
       Boomerang         |       |       |     4 |       |       ||     4
Invok: Convert to Beogh  |       |       |     1 |       |       ||     1
       Recall Orcish Fol |       |       |       |       |    10 ||    10
       Give Item to Name |       |       |       |       |     2 ||     2
       Smiting           |       |       |       |       |     1 ||     1
Evoke: Wand              |       |       |       |     7 |       ||     7
  Use: Scroll            |       |       |    11 |     1 |     7 ||    19
       Potion            |       |       |     2 |     2 |     1 ||     5
 Stab: Distracted        |       |       |       |     1 |     5 ||     6
       Invisible         |       |       |       |     1 |       ||     1
Armor: Scale mail        |    40 |    52 |       |       |       ||    92
       Chain mail        |       |    48 |     7 |       |       ||    55
       Plate armour      |       |       |   199 |   330 |   280 ||   809
       Skin              |       |       |       |    17 |       ||    17
Dodge: Dodged            |    47 |    66 |    95 |   169 |   118 ||   495
Block: Buckler           |    24 |    40 |    83 |   125 |    74 ||   346
